 Dungeon Crawl Stone Soup version 0.26-a0-808-g930a2b7adc (webtiles) character file.

Game seed: 8918347067728180460

9627 Riddle the Fighter (level 11, -14/64 HPs)
             Began as a Gargoyle Fighter on Nov 12, 2020.
             Was a Believer of Hepliaklqana.
             Demolished by a freezing wraith (15 damage)
             ... led by a death knight
             ... on level 11 of the Dungeon.
             The game lasted 00:11:07 (7097 turns).

Riddle the Fighter (Gargoyle Fighter)               Turns: 7097, Time: 00:11:08

Health: -14/64     AC: 28    Str: 20 (23) XL:     11   Next: 49%
Magic:  0/11       EV:  6    Int: 13 (15) God:    Hepliaklqana [**....]
Gold:   782        SH: 11    Dex:  6 (9)  Spells: 10/10 levels left

rFire    . . .     SeeInvis .   o - +3 hand axe (vamp)
rCold    . . .     Faith    .   c - +0 kite shield
rNeg     + + +     Spirit   +   U - +0 plate armour
rPois    ∞         Reflect  .   G - +0 helmet of Qazlal's Generosity {rN++ Int+6}
rElec    +         Harm     .   p - +0 cloak
rCorr    .         Rampage  .   J - +0 pair of gloves
MR       .....                  l - +0 pair of boots
Stlth    ..........             O - amulet of guardian spirit
HPRegen  0.20/turn              j - +4 ring of slaying
MPRegen  0.12/turn              z - +4 ring of slaying

@: slowed, very slow
A: reduced essence, negative energy resistance 1, electricity resistance,
unbreathing, petrification resistance, rot immunity, AC +8
a: Recall Ancestor, Ancestor Identity, Renounce Religion


You were on level 11 of the Dungeon.
You worshipped Hepliaklqana.
Hepliaklqana was pleased with you.
You visited 2 branches of the dungeon, and saw 12 of its levels.

You collected 782 gold pieces.

Inventory:

Hand Weapons
 o - a +3 vampiric hand axe (weapon)
Armour
 c - a +0 kite shield (worn)
 l - a +0 pair of boots (worn)
 p - a +0 cloak (worn)
 G - the +0 helmet of Qazlal's Generosity (worn) {rN++ Int+6}
   (You found it on level 6 of the Dungeon)

   It affects your intelligence (+6).
   It greatly protects you from negative energy.
 J - a +0 pair of gloves (worn)
 R - a +0 troll leather armour
 U - a +0 plate armour (worn)
Jewellery
 j - a +4 ring of slaying (left hand)
 k - an uncursed ring of flight
 w - an uncursed ring of fire
 z - a +4 ring of slaying (right hand)
 F - a +6 ring of intelligence
 M - an uncursed ring of see invisible
 O - an amulet of guardian spirit (around neck)
Wands
 a - a wand of polymorph (7)
 q - a wand of random effects (14)
 y - a wand of flame (58)
 C - a wand of iceblast (8)
 N - a wand of disintegration (4)
 S - a wand of acid (7)
Scrolls
 b - a scroll of vulnerability {unknown}
 e - a scroll of immolation
 m - a scroll of fear {unknown}
 s - 5 scrolls of identify
 t - 5 scrolls of remove curse
 u - 2 scrolls of fog
 v - 3 scrolls of teleportation
 A - 3 scrolls of amnesia {unknown}
 D - a scroll of enchant armour {unknown}
 E - a scroll of blinking {unknown}
 K - a scroll of acquirement {unknown}
 P - a scroll of enchant weapon {unknown}
 Q - a scroll of magic mapping {unknown}
 V - a scroll of silence {unknown}
Potions
 d - 2 potions of might
 f - 4 potions of brilliance {unknown}
 g - 3 potions of heal wounds {unknown}
 h - 4 potions of flight {unknown}
 i - a potion of magic {unknown}
 n - a potion of ambrosia {unknown}
 r - 3 potions of lignification {unknown}
 x - 2 potions of haste {unknown}
 B - 4 potions of degeneration
 H - 2 potions of invisibility {unknown}
 I - 4 potions of curing
 L - a potion of mutation {unknown}
 T - a potion of resistance {unknown}


   Skills:
 * Level 10.2 Fighting
 * Level 8.0 Axes
 * Level 10.2 Armour
 + Level 2.1 Dodging
 * Level 10.2 Shields


You had 10 spell levels left.
You didn't know any spells.
Your spell library contained the following spells:

 Spells                   Type           Power        Failure   Level
 Freeze                   Ice            #...         100%        1
 Magic Dart               Conj           #...         100%        1
 Sandblast                Erth           #.....       100%        1
 Passwall                 Tmut/Erth      #.......     100%        2
 Searing Ray              Conj           #.....       100%        2
 Dazzling Flash           Conj/Hex       #.....       100%        3
 Frozen Ramparts          Ice            #.....       100%        3
 Ozocubu's Armour         Ice            #.......     100%        3
 Stone Arrow              Conj/Erth      #.....       100%        3
 Fulminant Prism          Conj/Hex       #.........   100%        4
 Hailstorm                Conj/Ice       #.......     100%        4
 Iskenderun's Mystic Bla  Conj/Tloc      #.......     100%        4
 Petrify                  Tmut/Erth      #.......     100%        4
 Summon Ice Beast         Ice/Summ       #.......     100%        4
 Lee's Rapid Deconstruct  Erth           #.........   100%        5


Dungeon Overview and Level Annotations

Branches:
Dungeon (11/15)            Temple (1/1) D:6            Lair (0/6) D:11
    Orc: D:9-12

Altars:
Ashenzari
Cheibriados
Dithmenos
Elyvilon
Fedhas
Gozag
Hepliaklqana
Kikubaaqudgha
Makhleb
Nemelex Xobeh
Okawaru
Qazlal
Ru
Sif Muna
Trog
Uskayaw
Vehumet
Wu Jian
Xom
Yredelemnul
Zin
The Shining One

Annotations:
D:6 1 runed translucent door, Saltbearer's ghost, novice KoEE


Innate Abilities, Weirdness & Mutations

You are resistant to torment.
Your stone body is resilient. (AC +8)
You are immune to poison.
You resist negative energy. (rN+)
You are resistant to electric shocks. (rElec)
You can survive without breathing.
You are immune to petrification.
You are immune to rotting.
Your life essence is reduced to manifest your ancestor. (-10% HP)


Message History

You feel as though you will be slow longer.
Unknown command.
It was a potion of degeneration.
There was something very wrong with that liquid.
You feel weakened.
You feel dopey.
You feel clumsy. The freezing wraith barely misses you.
You block the freezing wraith's attack.
The freezing wraith hits you but does no damage.
You block the freezing wraith's attack.
The freezing wraith hits you but does no damage. x2
Dumb dog misses the freezing wraith.
It was a potion of curing.
You feel better.
A nearby plant withers and dies.
The freezing wraith hits you but does no damage.
The freezing wraith hits you!
* * * LOW HITPOINT WARNING * * *
The freezing wraith drains your vigour!
You feel as though you will be slow longer.
The freezing wraith hits you.
* * * LOW HITPOINT WARNING * * *
The freezing wraith freezes you!
You die...

.?...[.....<..####.####.......#
...........(.................♣
.................######<...♣♣
......................#.###≈≈♣
............................≈≈≈
...........................♣♣♣≈
......)(!.).(#............#♣
......)((((.†).RW............
.........<..##.W@≈P...........
.).......>..##.≈≈≈≈...........
##############.P≈≈♣≈##########
###P≈≈## #####


You could see the friendly Dumb dog the battlemage and 2 freezing wraiths.

Vanquished Creatures
  An ugly thing (D:10)
  2 yaks (D:11)
  A wyvern (D:8)
  A water elemental (D:11)
  Grum (D:9)
  Edmund (D:6)
  3 orc warriors
  3 black bears
  2 phantoms (D:6)
  2 ice beasts
  A sky beast (D:7)
  3 ogres (D:7)
  4 wolves (D:9)
  7 centaurs
  6 bullfrogs
  A scorpion (D:10)
  3 killer bees (D:8)
  10 wights
  3 howler monkeys
  A centaur zombie (D:7)
  A quasit (D:6)
  2 jellies
  8 orc priests
  4 hounds
  Crazy Yiuf (D:2)
  6 orc wizards
  An iguana (D:5)
  2 worker ants
  4 gnolls (D:3)
  A howler monkey skeleton (D:11)
  5 adders
  12 river rats (D:6)
  3 white imps
  3 adder skeletons
  3 worms
  A dart slug (D:1)
  A leopard gecko (D:6)
  21 orcs
  3 bats
  2 giant cockroaches
  2 goblins (D:1)
  A hobgoblin (D:3)
  8 jackals
  4 kobolds
  12 quokkas
  2 frilled lizards (D:3)
  A jackal skeleton (D:8)
  A leopard gecko skeleton (D:4)
  15 rats
186 creatures vanquished.

Vanquished Creatures (collateral kills)
  A death knight (D:11)
  A two-headed ogre (D:9)
  A freezing wraith (D:10)
  2 trolls (D:9)
  2 wraiths (D:11)
  A yak (D:11)
  2 wargs (D:11)
  4 ice beasts
  A sky beast (D:10)
  2 ogres
  4 centaurs
  A killer bee (D:8)
  3 wights
  A howler monkey (D:11)
  An electric eel (D:11)
  A bullfrog zombie (D:10)
  A bullfrog skeleton (D:8)
  A worker ant (D:6)
  A hound zombie (D:9)
  3 adders
  A shadow imp (D:6)
  An adder skeleton (D:8)
  4 orcs
  A rat (D:6)
41 creatures vanquished.

Vanquished Creatures (others)
  A warg (D:11)
  An ancestor (D:7)
  A goblin (D:3)
  27 plants
30 creatures vanquished.

Grand Total: 257 creatures vanquished

Notes
Turn   | Place    | Note
-------+----------+-------------------------------------------
     0 | D:1      | Riddle the Gargoyle Fighter began the quest for the Orb.
     0 | D:1      | Reached XP level 1. HP: 14/14 MP: 1/1
    50 | D:1      | Reached XP level 2. HP: 17/19 MP: 2/2
   147 | D:1      | You fall into a shaft and drop 1 floor!
   329 | D:2      | Found a blossoming altar of Fedhas.
   359 | D:2      | Found a shadowy altar of Dithmenos.
   570 | D:2      | Found a runed translucent door.
   571 | D:2      | Noticed Crazy Yiuf
   926 | D:2      | Killed Crazy Yiuf
   926 | D:2      | Reached XP level 3. HP: 24/24 MP: 3/3
  1005 | D:3      | Reached XP level 4. HP: 29/29 MP: 4/4
  1146 | D:3      | Found a basalt altar of Yredelemnul.
  1179 | D:3      | Reached XP level 5. HP: 33/33 MP: 5/5
  1302 | D:3      | Found an ornate altar of the Wu Jian Council.
  1489 | D:3      | Found a glowing golden altar of the Shining One.
  1491 | D:3      | Noticed an angel
  1576 | D:4      | Found an opulent altar of Gozag.
  1576 | D:4      | Found a sparkling altar of Nemelex Xobeh.
  1992 | D:5      | Entered Level 5 of the Dungeon
  2167 | D:5      | Reached XP level 6. HP: 29/39 MP: 6/6
  2250 | D:5      | Found a hide-covered altar of Uskayaw.
  2322 | D:5      | Found a hazy altar of Hepliaklqana.
  2450 | D:5      | Reached skill level 5 in Shields
  2482 | D:5      | Became a worshipper of Hepliaklqana the Forgotten
  2636 | D:5      | Reached skill level 5 in Fighting
  2718 | D:6      | Reached skill level 5 in Armour
  2725 | D:6      | Reached XP level 7. HP: 31/39 MP: 7/7
  2788 | D:6      | Noticed Edmund
  2806 | D:6      | Killed Edmund
  2850 | D:6      | Found a staircase to the Ecumenical Temple.
  2940 | D:6      | Got a faintly glowing helmet
  2946 | D:6      | Identified the +0 helmet of Qazlal's Generosity {rN++
                  | Int+6} (You found it on level 6 of the Dungeon)
  3057 | D:6      | Found a runed translucent door.
  3058 | D:6      | Noticed Saltbearer's ghost (novice KoEE)
  3060 | D:6      | Reached * piety under Hepliaklqana
  3154 | D:6      | Reached XP level 8. HP: 45/45 MP: 8/8
  3522 | D:6      | Found a glowing silver altar of Zin.
  3585 | D:6      | Found a faded altar of an unknown god.
  3585 | D:6      | Found a snail-covered altar of Cheibriados.
  3590 | D:6      | Found a sacrificial altar of Ru.
  3594 | D:6      | Found a broken altar of Ashenzari.
  3597 | D:6      | Found a burning altar of Makhleb.
  3850 | D:7      | Reached skill level 5 in Axes
  3850 | D:7      | Reached XP level 9. HP: 51/51 MP: 9/9
  3932 | Temple   | Entered the Ecumenical Temple
  5218 | D:9      | Reached XP level 10. HP: 45/57 MP: 7/10
  5460 | D:9      | Noticed a two-headed ogre
  5533 | D:9      | Reached ** piety under Hepliaklqana
  5543 | D:9      | Remembered your ancestor Dumb dog as a battlemage
  5707 | D:9      | Noticed a two-headed ogre
  5712 | D:9      | Killed a two-headed ogre
  5901 | D:9      | Noticed Grum
  5918 | D:9      | Killed Grum
  6185 | D:10     | Entered Level 10 of the Dungeon
  6370 | D:10     | You fall into a shaft and drop 1 floor!
  6371 | D:11     | Noticed a death knight
  6384 | D:10     | Noticed a brown ugly thing
  6406 | D:11     | Found a staircase to the Lair.
  6414 | D:11     | Reached skill level 1 in Dodging
  6425 | D:11     | Reached XP level 11. HP: 27/63 MP: 2/11
  6520 | D:10     | Killed a brown ugly thing
  6929 | D:11     | Reached skill level 10 in Shields
  6930 | D:11     | Reached skill level 10 in Fighting
  6931 | D:11     | Reached skill level 10 in Armour
  7091 | D:11     | HP: 2/64 [freezing wraith[a death knight] (10)]
  7093 | D:11     | Killed a death knight
  7097 | D:11     | HP: 3/64 [freezing wraith[a death knight] (7)]
  7097 | D:11     | HP: 1/64 [freezing wraith[a death knight] (2)]
  7097 | D:11     | Demolished by a freezing wraith

Illustrated notes

Levels and vault maps discovered:
D:1:      minmay_arrival_four_loops, layout_basic, serial_forest,
          infiniplex_forest_3_way, infiniplex_forest_end_2,
          infiniplex_forest_end_double, infiniplex_forest_straight_4,
          infiniplex_forest_zigzag_2, infiniplex_forest_lined_4_way,
          infiniplex_forest_clump_tiny, infiniplex_forest_straight_1,
          minmay_tripent
D:2:      layout_basic, grunt_dithmenos_smoke_and_mirrors, chequers_big_river,
          fedhas_ov_isle_minmay, uniq_crazy_yiuf_cottage
D:3:      layout_rooms, grunt_temple_overflow_holy_war, lemuel_crystal_altar
D:4:      layout_loops_ring, grunt_temple_overflow_opulence
D:5:      layout_basic, kennysheep_mini, eat_drink_and_be_merry_uskayaw
D:6:      lemuel_ratsnest, layout_loops_ring,
          chequers_temple_overflow_minitemple, zin_statuary, temple_fountains,
          ebering_ghost_sewer_d, uniq_edmund
D:7:      layout_gridville
D:8:      layout_rooms
D:9:      layout_gridville, uniq_grum
D:10:     layout_basic
D:11:     layout_rooms, erik_lair_orcish_takeover, serial_bayou,
          serial_bayou_pond_d, serial_bayou_pond_e, serial_bayou_lagoon_b,
          serial_bayou_shore_a, serial_bayou_ford_a, serial_bayou_crossing
Temple:   grunt_temple_mini_profane

Skill      XL: |  1  2  3  4  5  6  7  8  9 10 11 |
---------------+----------------------------------+-----
Fighting       | 4 5 7 8 9 10 | 10.2
Shields        | 4 5 6 7 8 9 10 | 10.2
Armour         | 4 5 7 8 9 10 | 10.2
Axes           | 2 3 4 5 6 7 8 |  8.0
Dodging        | 1 2 |  2.1

Action                   |  1- 3 |  4- 6 |  7- 9 | 10-12 || total
-------------------------+-------+-------+-------+-------++-------
Melee: War axe           |    46 |       |       |       ||    46
       Hand axe          |    15 |   124 |   273 |   180 ||   592
Invok: Recall Ancestor   |       |     1 |       |     2 ||     3
       Ancestor Identity |       |     1 |       |       ||     1
       Ancestor Life: Ba |       |       |       |     1 ||     1
  Use: Scroll            |     3 |       |     4 |     2 ||     9
       Potion            |       |       |       |     2 ||     2
 Stab: Distracted        |       |       |     1 |       ||     1
Armor: Scale mail        |    34 |    70 |   130 |     8 ||   242
       Troll leather arm |       |       |       |    60 ||    60
       Plate armour      |       |       |       |    38 ||    38
Dodge: Dodged            |    15 |    22 |    72 |    86 ||   195
Block: Kite shield       |    38 |    55 |   148 |   162 ||   403

Table legend: (Time is in decaauts)
 A = Elapsed time spent in this place.
 B = Non-inter-level travel time spent in this place.
 C = Inter-level travel time spent in this place.
 D = Time resting spent in this place.
 E = Time spent auto-exploring this place.
 F = Levels seen in this place.
 G = Mean time per level.
                   A        B        C        D        E       F      G
               +--------+--------+--------+--------+--------+-----+--------+
         Total |   7207 |   6826 |    381 |    431 |   4969 |  12 |  600.6 |
       Dungeon |   7022 |   6663 |    359 |    431 |   4808 |  11 |  638.4 |
        Temple |    184 |    162 |     22 |      0 |    161 |   1 |  184.0 |
               +--------+--------+--------+--------+--------+-----+--------+

Top non-repeatable levels by time:
     D:6: 1125 daAuts
     D:9: 1031 daAuts
     D:2: 842 daAuts
     D:5: 716 daAuts
    D:10: 704 daAuts
     D:7: 629 daAuts
     D:3: 554 daAuts
     D:8: 553 daAuts
     D:4: 489 daAuts
    D:11: 214 daAuts
  Temple: 184 daAuts
     D:1: 159 daAuts
